 Dungeon Crawl Stone Soup version 0.26-a0-259-g1effd001a9 (webtiles) character file.

Game seed: 15025197914688570291

1386 vurker the Jester (level 8, -1/65 HPs)
             Began as a Demonspawn Brigand on July 17, 2020.
             Was a Follower of Nemelex Xobeh.
             Slain by an ogre
             ... wielding a +0 giant club
              (6 damage)
             ... on level 6 of the Dungeon.
             The game lasted 00:08:27 (6304 turns).

vurker the Jester (Demonspawn Brigand)              Turns: 6304, Time: 00:08:27

Health: -1/65      AC: 17    Str: 13    XL:     8   Next: 40%
Magic:  13/13      EV:  5    Int: 14    God:    Nemelex Xobeh [*.....]
Gold:   266        SH:  0    Dex: 14    Spells: 7/7 levels left

rFire    . . .     SeeInvis .   c - +2 quarterstaff (chaos)
rCold    . . .     Faith    .   (shield currently unavailable)
rNeg     . . .     Spirit   .   q - +0 chain mail
rPois    .         Reflect  .   A - +2 helmet
rElec    .         Harm     .   y - +1 cloak
rCorr    +                      (no gloves)
MR       .....                  (no boots)
Stlth    ..........             (no amulet)
HPRegen  0.20/turn              h - ring of resist corrosion
MPRegen  0.13/turn              (no ring)

@: lethally poisoned (-1 -> -5), lightly drained
A: iridescent scales 2, demonic guardian 1
a: Draw Escape, Draw Destruction, Draw Summoning, Renounce Religion


You were on level 6 of the Dungeon.
You worshipped Nemelex Xobeh.
Nemelex Xobeh was aware of your devotion.
You were not hungry.

You visited 1 branch of the dungeon, and saw 6 of its levels.

You collected 266 gold pieces.

Inventory:

Hand Weapons
 c - a +2 quarterstaff of chaos (weapon)
   (You took it off Crazy Yiuf on level 2 of the Dungeon)
 H - a +1 dagger of electrocution
   (You took it off an orc wizard on level 5 of the Dungeon)
 J - a +0 battleaxe
   (You took it off an orc warrior on level 5 of the Dungeon)
 L - a +1 dire flail of freezing
   (You took it off a wight on level 6 of the Dungeon)
Missiles
 f - 2 curare-tipped darts
 B - 35 poisoned darts (quivered)
Armour
 q - a +0 chain mail (worn)
   (You found it on level 2 of the Dungeon)
 y - a +1 cloak (worn)
   (You took it off Crazy Yiuf on level 2 of the Dungeon)
 A - a +2 helmet (worn)
   (You found it on level 4 of the Dungeon)
Jewellery
 h - a ring of resist corrosion (left hand)
   (You found it on level 1 of the Dungeon)
Wands
 d - a wand of iceblast (20)
   (You found it on level 4 of the Dungeon)
 t - a wand of flame (11)
   (You found it on level 3 of the Dungeon)
 G - a wand of clouds (3)
   (You found it on level 5 of the Dungeon)
Scrolls
 a - a scroll of torment {unknown}
 g - 6 scrolls of identify {unknown}
 j - 2 scrolls of magic mapping {unknown}
 n - 2 scrolls of remove curse {unknown}
 p - 5 scrolls of random uselessness {unknown}
 r - a scroll of amnesia {unknown}
 u - a scroll of enchant weapon {unknown}
 v - a scroll of teleportation {unknown}
 D - a scroll of fear {unknown}
 E - a scroll of blinking {unknown}
 F - a scroll of noise {unknown}
 K - a scroll of enchant armour {unknown}
Potions
 b - a potion of resistance {unknown}
 i - a potion of cancellation {unknown}
 k - a potion of brilliance {unknown}
 l - 3 potions of invisibility {unknown}
 m - 5 potions of curing {unknown}
 o - 3 potions of degeneration {unknown}
 s - a potion of heal wounds {unknown}
 w - a potion of flight {unknown}
 x - a potion of magic {unknown}
 z - 2 potions of stabbing {unknown}
 C - 3 potions of lignification {unknown}
 I - a potion of ambrosia {unknown}
Comestibles
 e - 5 rations


   Skills:
 + Level 6.5(6.2) Fighting
 - Level 1.7(1.4) Short Blades
 + Level 6.0(5.6) Throwing
 - Level 0.8(0.5) Dodging
 - Level 3.6(3.2) Stealth
 + Level 6.7(6.3) Invocations


You had 7 spell levels left.
You didn't know any spells.
Your spell library contained the following spells:

 Spells                   Type           Power        Failure   Level
 Beastly Appendage        Tmut           #.....       100%        1
 Sticks to Snakes         Tmut           #.......     100%        2
 Spider Form              Tmut/Pois      #.........   100%        3
 Ice Form                 Ice/Tmut       #.......     100%        4
 Blade Hands              Tmut           #.........   100%        5


Dungeon Overview and Level Annotations

Branches:
Dungeon (6/15)             Temple (0/1) D:6

Altars:
Elyvilon
Gozag
Hepliaklqana
Nemelex Xobeh
Qazlal
Uskayaw
Xom
The Shining One


Innate Abilities, Weirdness & Mutations

You are mostly covered in iridescent scales. (AC +4)
A weak demonic guardian rushes to your aid.


Message History

You feel sick.
The centaur shoots an arrow.
The arrow hits you.
The centaur shoots an arrow.
The arrow hits you.
* * * LOW HITPOINT WARNING * * *
An ice beast comes into view.
That deck is empty!
Unknown command.
You draw a card...
You have drawn the Dance.
The centaur shoots an arrow.
The arrow hits you but does no damage.
The kobold hits your -1 hand axe of venom but does no damage.
The iguana bites you but does no damage.
The centaur shoots an arrow.
The arrow hits you but does no damage.
You are too injured to fight recklessly!
You are too injured to fight recklessly!
Unknown command.
You closely miss the white imp.
You feel sick.
The kobold hits your -1 hand axe of venom.
The ogre hits you with a +0 giant club.
* * * LOW HITPOINT WARNING * * *
The centaur shoots an arrow.
The arrow hits you but does no damage. The white imp gestures at you.
The puff of frost hits you.
* * * LOW HITPOINT WARNING * * *
The iguana barely misses you.
The kobold barely misses your -1 hand axe of venom.
Your -1 hand axe of venom hits the kobold but does no damage.
The kobold is poisoned.
Your -1 hand axe of venom hits the worm but does no damage.
The worm is poisoned.
Your -1 hand axe of venom hits the white imp.
You hit the white imp.
You kill the white imp!
You feel sick.
The kobold dies!
The centaur shoots an arrow.
The arrow hits you but does no damage. The ogre hits you with a +0 giant club!
* * * LOW HITPOINT WARNING * * *
The iguana bites you but does no damage.
The centaur shoots an arrow.
The arrow barely misses you.
The arrow hits the iguana.
Unknown command.
You barely miss the ogre.
You feel sick.
The centaur shoots an arrow.
The arrow hits you!
* * * LOW HITPOINT WARNING * * *
The iguana completely misses you.
The ice beast hits your -1 hand axe of venom.
The ice beast freezes your -1 hand axe of venom.
Your -1 hand axe of venom resists.
The ogre hits you with a +0 giant club.
You die...
Your body glows slightly and disappears.

#.'..8...'.#..## .#.
###8.^..8#.....##...
#88..88#......... l
###''###......l# ..
#..#........##...
#...........[...
###.c..((.(.##
##.....(w(.##...
#......@OY..#
####.###l#..... #..#
....... #.## ..#....
.. ... ... ### ##.#
.. .# . ##


You could see an ice beast, an ogre, a centaur, a worm (very poisoned), an
iguana, a leopard gecko and a friendly -1 hand axe of venom (summoned).

Vanquished Creatures
  A spriggan (shapeshifter) (D:4)
  An orc warrior (D:5)
  An ogre (D:4)
  A big kobold (D:5)
  A scorpion (D:4)
  4 wights (D:6)
  3 electric eels (D:3)
  An orc priest (D:4)
  A hound (D:4)
  6 orc wizards
  Crazy Yiuf (D:2)
  Jessica (D:3)
  An iguana (D:4)
  A worker ant (D:4)
  A hound skeleton (D:6)
  A worker ant zombie (D:6)
  6 adders
  4 gnolls (D:5)
  A white imp (D:6)
  3 ufetubi
  A worm (D:3)
  A dart slug (D:2)
  3 leopard geckos
  13 orcs
  4 goblins
  7 hobgoblins (D:1)
  7 jackals (D:1)
  13 kobolds
  5 quokkas
  A ball python (D:4)
  5 bats
  5 frilled lizards
  A leopard gecko skeleton (D:4)
  A quokka skeleton (D:4)
  8 rats
  A fungus (D:2)
116 creatures vanquished.

Vanquished Creatures (collateral kills)
  A bullfrog (D:6)
  A worker ant (D:4)
  An adder (D:4)
  A kobold (D:6)
4 creatures vanquished.

Vanquished Creatures (others)
  A centaur skeleton (D:6)
  An orc wizard (D:4)
  An adder (D:6)
3 creatures vanquished.

Grand Total: 123 creatures vanquished

Notes
Turn   | Place    | Note
-------+----------+-------------------------------------------
     0 | D:1      | vurker the Demonspawn Brigand began the quest for the Orb.
     0 | D:1      | Reached XP level 1. HP: 16/16 MP: 1/1
   179 | D:1      | Gained mutation: You are partially covered in iridescent
                  | scales. (AC +2) [demonic ancestry]
   179 | D:1      | Reached XP level 2. HP: 21/23 MP: 2/2
   401 | D:1      | Gained mutation: You are mostly covered in iridescent
                  | scales. (AC +4) [demonic ancestry]
   401 | D:1      | Reached XP level 3. HP: 23/28 MP: 3/3
  1448 | D:2      | Found a hazy altar of Hepliaklqana.
  1777 | D:2      | Found a runed translucent door.
  1778 | D:2      | Noticed Crazy Yiuf
  1791 | D:2      | Killed Crazy Yiuf
  1791 | D:2      | Reached XP level 4. HP: 7/35 MP: 4/4
  2075 | D:3      | Found a transporter.
  2127 | D:3      | Noticed Jessica
  2135 | D:3      | Killed Jessica
  2381 | D:3      | Found a transporter.
  2414 | D:3      | Found a sparkling altar of Nemelex Xobeh.
  2470 | D:3      | Found a hide-covered altar of Uskayaw.
  2512 | D:3      | Became a worshipper of Nemelex Xobeh the Trickster
  2555 | D:3      | Found an opulent altar of Gozag.
  2555 | D:3      | Found an ornate altar of the Wu Jian Council.
  2558 | D:3      | Found a white marble altar of Elyvilon.
  2558 | D:3      | Found a sparkling altar of Nemelex Xobeh.
  2558 | D:3      | Found a shimmering altar of Xom.
  2560 | D:3      | Reached XP level 5. HP: 42/42 MP: 5/5
  2607 | D:3      | Received a gift from Nemelex Xobeh
  2637 | D:3      | Found a stormy altar of Qazlal.
  2693 | D:3      | Reached skill level 1 in Invocations
  3014 | D:4      | Reached XP level 6. HP: 47/49 MP: 7/7
  3072 | D:4      | Noticed a shapeshifter
  3072 | D:4      | a worker ant changed into a shapeshifter
  3072 | D:4      | Noticed a soldier ant
  3072 | D:4      | a shapeshifter changed into a soldier ant
  3075 | D:4      | Noticed a spriggan
  3075 | D:4      | a soldier ant changed into a spriggan
  3086 | D:4      | Killed a spriggan
  3372 | D:4      | Reached skill level 5 in Fighting
  3558 | D:4      | Found an opulent altar of Gozag.
  3621 | D:4      | Reached XP level 7. HP: 56/56 MP: 8/10
  3675 | D:4      | Identified the -1 quarterstaff "Potorphiu" {flame, rF+ MR+
                  | Int-2 Dex+4}
  4016 | D:4      | Found a glowing golden altar of the Shining One.
  4049 | D:4      | Reached skill level 5 in Throwing
  4285 | D:4      | Reached * piety under Nemelex Xobeh
  4317 | D:4      | Reached skill level 5 in Invocations
  4467 | D:5      | Entered Level 5 of the Dungeon
  4607 | D:5      | Received a gift from Nemelex Xobeh
  5712 | D:5      | Gained mutation: A weak demonic guardian rushes to your
                  | aid. [demonic ancestry]
  5712 | D:5      | Reached XP level 8. HP: 33/64 MP: 12/12
  6092 | D:6      | Found a staircase to the Ecumenical Temple.
  6304 | D:6      | Slain by an ogre

Illustrated notes

Levels and vault maps discovered:
D:1:      noname_arrival_rooms_in_the_neighbourhood, layout_loops_ring
D:2:      layout_basic, lemuel_doored_altar, minmay_tetromino_s4,
          uniq_crazy_yiuf_cottage
D:3:      gammafunk_steamed_eel, layout_rooms, lemuel_coloured_pillars_altar,
          nemelex_xobeh_ov_fountains_minmay, first_ration, doesnt_xom_only_xom,
          uniq_jessica
D:4:      layout_basic, nicolae_gozag_cash_rules_everything_around_me,
          overflow_temple_1_default, grunt_ministairs_9
D:5:      layout_basic, minmay_misc_feat_rows
D:6:      minmay_chambers_of_sixes, layout_rooms, marbit_many_paths,
          kennysheep_mini, lemuel_temple_firewalk_b, st_stairs_2,
          kennysheep_generic_room_12

Skill      XL: |  1  2  3  4  5  6  7  8 |
---------------+-------------------------+-----
Throwing       | 2 3 4 5 6 |  6.0
Fighting       | 3 4 5 6 |  6.5
Invocations    | 2 4 5 6 |  6.7
Short Blades   | |  1.7
Dodging        | |  0.8
Stealth        | |  3.6

Action                   |  1- 3 |  4- 6 |  7- 9 || total
-------------------------+-------+-------+-------++-------
Melee: Dagger            |   201 |       |       ||   201
       Quarterstaff      |       |    93 |   164 ||   257
Invok: Draw Destruction  |       |       |     9 ||     9
       Draw Summoning    |       |       |     2 ||     2
Evoke: Wand              |       |     3 |       ||     3
 Stab: Sleeping          |     1 |       |       ||     1
  Eat: Ration            |     1 |     2 |     2 ||     5
Armor: Robe              |    33 |       |       ||    33
       Ring mail         |    24 |       |       ||    24
       Chain mail        |    22 |    86 |   154 ||   262
Dodge: Dodged            |    86 |    25 |    52 ||   163

Table legend:
 A = Non-vault XP
 B = Vault XP
 C = Vault XP percentage of total XP
 D = Non-vault monster count
 E = Vault monster count
 F = Vault count percentage of total count
                 A         B        C        D         E       F
            +---------+---------+-------+---------+---------+-------
      Total |    1503 |     477 |  24.1 |     113 |       9 |   7.4
            +---------+---------+-------+---------+---------+-------
        D:1 |      48 |       0 |   0.0 |      29 |       0 |   0.0
        D:2 |      45 |      42 |  48.3 |      12 |       3 |  20.0
        D:3 |      35 |     196 |  84.8 |      11 |       4 |  26.7
        D:4 |     550 |     220 |  28.6 |      29 |       1 |   3.3
        D:5 |     411 |       0 |   0.0 |      17 |       0 |   0.0
        D:6 |     414 |      19 |   4.4 |      15 |       1 |   6.2
            +---------+---------+-------+---------+---------+-------
